 Dungeon Crawl Stone Soup version 0.22-a0-305-gd21a89c (webtiles) character file.

81 xccam the Shield-Bearer (level 4, 0/35 HPs)
             Began as a Formicid Fighter on Mar 30, 2018.
             Slain by an orc
             ... wielding a +0 flail
              (4 damage)
             ... on level 3 of the Dungeon.
             The game lasted 00:01:52 (1841 turns).

xccam the Shield-Bearer (Formicid Fighter)          Turns: 1841, Time: 00:01:52

Health: 0/35       AC:  6    Str: 26    XL:     4   Next: 67%
Magic:  4/4        EV:  8    Int:  8    God:
Gold:   59         SH: 10    Dex: 10    Spells: 3/3 levels left

rFire    . . .     SeeInvis +   a - +0 flail
rCold    . . .     Gourm    .   c - +0 shield
rNeg     . . .     Faith    .   b - +0 scale mail
rPois    .         Spirit   .   (helmet unavailable)
rElec    .         Reflect  .   (no cloak)
rCorr    .         Harm     .   (no gloves)
MR       .....                  (no boots)
Stlth    ..........             k - amulet of magic regeneration
HPRegen  0.11/turn              (no ring)
MPRegen  0.34/turn              (no ring)

@: mighty
A: permanent stasis, dig shafts and tunnels, four strong arms, antennae 3
a: Dig, Shaft Self


You were on level 3 of the Dungeon.
You were not hungry.

You visited 1 branch of the dungeon, and saw 3 of its levels.

You collected 59 gold pieces.

Inventory:

Hand Weapons
 a - a +0 flail (weapon)
Armour
 b - a +0 scale mail (worn)
 c - a +0 shield (worn)
Jewellery
 k - an amulet of magic regeneration (around neck)
 l - an uncursed amulet of guardian spirit {unknown}
Scrolls
 g - 2 scrolls of remove curse {unknown}
 h - 3 scrolls of identify {unknown}
 i - a scroll of blinking {unknown}
 j - a scroll of enchant weapon {unknown}
 m - a scroll of random uselessness {unknown}
 o - a scroll of fear {unknown}
Potions
 e - 2 potions of curing {unknown}
 n - 4 potions of haste {unknown}
 p - a potion of heal wounds {unknown}
Comestibles
 f - 3 rations


   Skills:
 - Level 3.2 Fighting
 + Level 3.4 Maces & Flails
 - Level 3.2 Armour
 + Level 5.0 Shields


You had 3 spell levels left.
You didn't know any spells.

Dungeon Overview and Level Annotations

Branches:
Dungeon (3/15)

Altars:
Hepliaklqana


Innate Abilities, Weirdness & Mutations

You cannot be hasted, slowed, berserked, paralysed or teleported.
You can dig through walls and to a lower floor.
Your four strong arms can wield two-handed weapons with a shield.
You have a pair of large antennae on your head. (SInv)


Message History

Your scale mail prevents you from hitting the orc.
You block the orc priest's attack. You block the orc's attack.
Unknown command.
You closely miss the orc priest. The orc priest barely misses you.
You block the orc's attack.
The orc priest mumbles some strange prayers to Beogh against you.
Pain shoots through your body!
* * * LOW HITPOINT WARNING * * *
You feel very mighty all of a sudden.
The orc priest hits you but does no damage.
You block the orc's attack.
You hit the orc priest.
The orc priest is heavily wounded.
The orc priest hits you.
* * * LOW HITPOINT WARNING * * *
The orc closely misses you.
You closely miss the orc priest.
The orc priest is heavily wounded.
You block the orc priest's attack. The orc hits you with a flail.
You die...

#.....
#.... #....
... ... .
###.### ..
#.oo..#.###
{ #@#......
#...# #####
{


You could see an orc priest and an orc.

Vanquished Creatures
  An adder (D:2)
  An ooze (D:1)
  2 worms (D:2)
  2 dart slugs (D:1)
  2 leopard geckos
  4 giant cockroaches
  8 goblins
  7 hobgoblins (D:1)
  A quokka (D:2)
  5 bats
  4 frilled lizards
  8 kobolds
  10 rats
55 creatures vanquished.

Notes
Turn   | Place    | Note
-------+----------+-------------------------------------------
     0 | D:1      | xccam the Formicid Fighter began the quest for the Orb.
     0 | D:1      | Reached XP level 1. HP: 18/18 MP: 1/1
    84 | D:1      | Reached XP level 2. HP: 8/24 MP: 2/2
    85 | D:1      | Reached skill level 4 in Shields
   419 | D:1      | Reached XP level 3. HP: 21/29 MP: 3/3
  1180 | D:2      | Reached XP level 4. HP: 28/35 MP: 4/4
  1476 | D:2      | Reached skill level 5 in Shields
  1830 | D:3      | Found a hazy altar of Hepliaklqana.
  1841 | D:3      | Slain by an orc

Vault maps used:
D:1:      lightli_arrival_statue_moat
D:3:      lemuel_crystal_altar, serial_bayou_lagoon_a

Skill      XL: |  1  2  3  4 |
---------------+-------------+-----
Shields        | 4 5 |  5.0
Maces & Flails | 3 |  3.4
Fighting       | |  3.2
Armour         | |  3.2

Action                   |  1- 3 |  4- 6 || total
-------------------------+-------+-------++-------
Melee: Flail             |   132 |    79 ||   211
  Use: Potion            |       |     1 ||     1
  Eat: Chunk             |     1 |     2 ||     3
Armor: Scale mail        |    49 |    23 ||    72
Dodge: Dodged            |    47 |    21 ||    68
Block: Shield            |    64 |    38 ||   102

Table legend:
 A = Spawn XP
 B = Non-spawn XP
 C = Spawn XP percentage of total XP
 D = Spawn monster count
 E = Non-spawn monster count
 F = Spawn count percentage of total count
 G = Total turns spent on level
                    A         B        C        D         E        F      G
               +---------+---------+-------+---------+---------+-------+---------
         Total |       0 |     116 |   0.0 |       0 |      55 |   0.0 |  1841
               +---------+---------+-------+---------+---------+-------+---------
           D:1 |       0 |      68 |   0.0 |       0 |      36 |   0.0 |  1173
           D:2 |       0 |      48 |   0.0 |       0 |      19 |   0.0 |   657
               +---------+---------+-------+---------+---------+-------+---------
